| TOP OF THE 1ST |
|
Bristol Pirates batting - Pitching for Ogden Raptors : RHP Drew Manderfield
|
|
Pitching: RHP Drew Manderfield
|
|
|
Batting: RHB Alex Arzate
|
0-0: Swinging Strike 0-1: Called Strike 0-2: Ball 1-2: Strikes out swinging
|
|
Batting: RHB Ricky Alvarado
|
0-0: Called Strike 0-1: Swinging Strike 0-2: Strikes out swinging
|
|
Batting: LHB Dustin Herman
|
0-0: Called Strike 0-1: Ball 1-1: Swinging Strike 1-2: Ball 2-2: Fly out, F8 (Line Drive, 8RM, EV 88.1 MPH)
|
| Top of the 1st over - 0 runs, 0 hits, 0 errors, 0 left on base; Bristol 0 - Ogden 0 |
| BOTTOM OF THE 1ST |
|
Ogden Raptors batting - Pitching for Bristol Pirates : RHP Pete Griesser
|
|
Pitching: RHP Pete Griesser
|
|
|
Batting: RHB Felipe Rivera
|
0-0: Ground out 5-3 (Groundball, 56S, EV 86.9 MPH)
|
|
Batting: RHB Carlos Gonzalez
|
0-0: Called Strike 0-1: Called Strike 0-2: Ball 1-2: Ball 2-2: DOUBLE (Line Drive, 89D, EV 104.4 MPH)
|
|
Batting: SHB Guy Jerome
|
0-0: Ball Wild Pitch! Carlos Gonzalez to third 1-0: DOUBLE (Line Drive, 89D, EV 110.0 MPH) Carlos Gonzalez scores
|
|
Batting: SHB Jesus Gomez
|
0-0: Ball 1-0: Foul Ball, location: 2F 1-1: Ball 2-1: Called Strike 2-2: Strikes out swinging
|
|
Batting: SHB Javy Franco
|
0-0: Ball 1-0: Foul Ball, location: 2F 1-1: Foul Ball, location: 2F 1-2: Foul Ball, location: 2F 1-2: Foul Ball, location: 2F 1-2: Foul Ball, location: 2F 1-2: Ball 2-2: Ground out 4-3 (Groundball, 4, EV 109.4 MPH)
|
| Bottom of the 1st over - 1 run, 2 hits, 0 errors, 1 left on base; Bristol 0 - Ogden 1 |
| TOP OF THE 2ND |
|
Bristol Pirates batting - Pitching for Ogden Raptors : RHP Drew Manderfield
|
|
Batting: RHB Steve Terres
|
0-0: Foul Ball, location: 2F 0-1: Ball 1-1: Ground out 4-3 (Groundball, 4, EV 81.9 MPH)
|
|
Batting: SHB Ronnie Brooks
|
0-0: Foul Ball, location: 2F 0-1: Swinging Strike 0-2: DOUBLE (Groundball, 3L, EV 106.9 MPH)
|
|
Batting: SHB Don Hauk
|
0-0: Ball 1-0: Foul Ball, location: 2F 1-1: Swinging Strike 1-2: Strikes out swinging
|
|
Batting: RHB Chris Arroyo
|
0-0: Ball 1-0: Ball 2-0: Ball 3-0: Base on Balls
|
|
Batting: RHB Ryan LeSueur
|
0-0: Fly out, F9 (Flyball, 9LM, EV 88.8 MPH)
|
| Top of the 2nd over - 0 runs, 1 hit, 0 errors, 2 left on base; Bristol 0 - Ogden 1 |
| BOTTOM OF THE 2ND |
|
Ogden Raptors batting - Pitching for Bristol Pirates : RHP Pete Griesser
|
|
Batting: RHB Mike Kaczor
|
0-0: Ball 1-0: Ball 2-0: Ball 3-0: Called Strike 3-1: Called Strike 3-2: Strikes out swinging
|
|
Batting: SHB Jason Todd
|
0-0: Ball 1-0: Ball 2-0: Called Strike 2-1: Foul Ball, location: 2F 2-2: Ball 3-2: Base on Balls
|
|
Batting: RHB Kekoa Kahele
|
0-0: Ball 1-0: Called Strike Jason Todd is caught stealing 2nd base 2-4 1-1: Foul Ball, location: 2F 1-2: Foul Ball, location: 2F 1-2: Ball 2-2: DOUBLE (Groundball, 5L, EV 101.9 MPH)
|
|
Batting: RHB Bobby Altamirano
|
0-0: Ball 1-0: Ball 2-0: Called Strike 2-1: Foul Ball, location: 2F 2-2: Fly out, F5 (Popup, 5F, EV 55.0 MPH)
|
| Bottom of the 2nd over - 0 runs, 1 hit, 0 errors, 1 left on base; Bristol 0 - Ogden 1 |
| TOP OF THE 3RD |
|
Bristol Pirates batting - Pitching for Ogden Raptors : RHP Drew Manderfield
|
|
Batting: RHB Hidesuke Yoshida
|
0-0: Ball 1-0: Foul Ball, location: 2F 1-1: Bunted foul 1-2: Ball 2-2: Strikes out looking
|
|
Batting: RHB Alex Arzate
|
0-0: Called Strike 0-1: Ball 1-1: Foul Ball, location: 2F 1-2: Ground out 5-3 (Groundball, 56S, EV 68.1 MPH)
|
|
Batting: RHB Ricky Alvarado
|
0-0: Ball 1-0: Ball 2-0: Ball 3-0: Base on Balls
|
|
Batting: LHB Dustin Herman
|
0-0: Called Strike Ricky Alvarado steals 2nd base 0-1: Ball 1-1: Foul Ball, location: 2F 1-2: Strikes out swinging
|
| Top of the 3rd over - 0 runs, 0 hits, 0 errors, 1 left on base; Bristol 0 - Ogden 1 |
| BOTTOM OF THE 3RD |
|
Ogden Raptors batting - Pitching for Bristol Pirates : RHP Pete Griesser
|
|
Batting: RHB Felipe Rivera
|
0-0: Called Strike 0-1: SINGLE (Flyball, 78S, EV 87.5 MPH)
|
|
Batting: RHB Carlos Gonzalez
|
0-0: Ball 1-0: Ball Felipe Rivera steals 2nd base 2-0: 2-RUN HOME RUN (Flyball, 7D, EV 98.1 MPH), Distance : 397 ft
|
|
Batting: SHB Guy Jerome
|
0-0: Called Strike 0-1: Foul Ball, location: 2F 0-2: Ball 1-2: Ball 2-2: Fly out, F8 (Flyball, 89D, EV 88.8 MPH)
|
|
Batting: SHB Jesus Gomez
|
0-0: Called Strike 0-1: Called Strike 0-2: Foul Ball, location: 2F 0-2: Ball 1-2: Ball 2-2: Foul Ball, location: 2F 2-2: Foul Ball, location: 2F 2-2: Ball 3-2: Foul Ball, location: 2F 3-2: Foul Ball, location: 2F 3-2: Strikes out swinging
|
|
Batting: SHB Javy Franco
|
0-0: Foul Ball, location: 2F 0-1: Ball 1-1: Ball 2-1: Ball 3-1: Foul Ball, location: 2F 3-2: Foul Ball, location: 2F 3-2: SINGLE (Groundball, 34D, EV 106.9 MPH)
|
|
Batting: RHB Mike Kaczor
|
0-0: Ball 1-0: Foul Ball, location: 2F 1-1: Swinging Strike 1-2: Strikes out swinging
|
| Bottom of the 3rd over - 2 runs, 3 hits, 0 errors, 1 left on base; Bristol 0 - Ogden 3 |
| TOP OF THE 4TH |
|
Bristol Pirates batting - Pitching for Ogden Raptors : RHP Drew Manderfield
|
|
Batting: RHB Steve Terres
|
0-0: SINGLE (Groundball, 56D, EV 110.0 MPH)
|
|
Batting: SHB Ronnie Brooks
|
0-0: Called Strike 0-1: Called Strike 0-2: Ball 1-2: Fly out, F8 (Flyball, 8RD, EV 101.9 MPH)
|
|
Batting: SHB Don Hauk
|
0-0: Ball 1-0: Ball 2-0: Called Strike 2-1: Swinging Strike 2-2: Strikes out swinging
|
|
Batting: RHB Chris Arroyo
|
0-0: Called Strike 0-1: Foul Ball, location: 2F 0-2: Ball 1-2: Ball 2-2: Ball 3-2: Base on Balls Steve Terres to second
|
|
Batting: RHB Ryan LeSueur
|
0-0: Ball 1-0: Ground out 4-3 (Groundball, 4, EV 86.9 MPH)
|
| Top of the 4th over - 0 runs, 1 hit, 0 errors, 2 left on base; Bristol 0 - Ogden 3 |
| BOTTOM OF THE 4TH |
|
Ogden Raptors batting - Pitching for Bristol Pirates : RHP Pete Griesser
|
|
Batting: SHB Jason Todd
|
0-0: Ball 1-0: Hit by Pitch
|
|
Batting: RHB Kekoa Kahele
|
0-0: Called Strike 0-1: Foul Ball, location: 2F 0-2: Foul Ball, location: 2F 0-2: Foul Ball, location: 2F 0-2: Ball 1-2: Strikes out looking
|
|
Batting: RHB Bobby Altamirano
|
0-0: Foul Ball, location: 2F 0-1: Foul Ball, location: 2F 0-2: Ground out 6-3 (Groundball, 56, EV 86.2 MPH) Jason Todd to second
|
|
Batting: RHB Felipe Rivera
|
0-0: Ball 1-0: Ball 2-0: Swinging Strike 2-1: Foul Ball, location: 2F 2-2: SINGLE (Flyball, 78S, EV 97.5 MPH) Jason Todd to third Runner from 3rd tries for Home, SAFE, throw by LF to home
|
|
Batting: RHB Carlos Gonzalez
|
0-0: Ball 1-0: Called Strike 1-1: Called Strike 1-2: Foul Ball, location: 2F 1-2: Ball 2-2: Foul Ball, location: 2F 2-2: Fielders Choice at 2nd, 5-4 (Groundball, 56, EV 83.1 MPH)
|
| Bottom of the 4th over - 1 run, 1 hit, 0 errors, 1 left on base; Bristol 0 - Ogden 4 |
| TOP OF THE 5TH |
|
Bristol Pirates batting - Pitching for Ogden Raptors : RHP Drew Manderfield
|
|
Batting: RHB Hidesuke Yoshida
|
0-0: Foul Ball, location: 2F 0-1: Called Strike 0-2: Foul Ball, location: 2F 0-2: Strikes out swinging
|
|
Batting: RHB Alex Arzate
|
0-0: Ball 1-0: Ground out 6-3 (Groundball, 6, EV 90.6 MPH)
|
|
Batting: RHB Ricky Alvarado
|
0-0: Called Strike 0-1: Called Strike 0-2: Strikes out swinging
|
| Top of the 5th over - 0 runs, 0 hits, 0 errors, 0 left on base; Bristol 0 - Ogden 4 |
| BOTTOM OF THE 5TH |
|
Ogden Raptors batting - Pitching for Bristol Pirates : RHP Pete Griesser
|
|
Pitching: LHP Juan Hernandez
|
|
|
Batting: SHB Guy Jerome
|
0-0: Ball 1-0: Foul Ball, location: 2F 1-1: Foul Ball, location: 2F 1-2: Foul Ball, location: 2F 1-2: Ball 2-2: Ball 3-2: Base on Balls
|
|
Batting: SHB Jesus Gomez
|
0-0: Ball 1-0: Foul Ball, location: 2F 1-1: Ball 2-1: Ball 3-1: Base on Balls Guy Jerome to second
|
|
Batting: SHB Javy Franco
|
0-0: Called Strike 0-1: Foul Ball, location: 2F 0-2: Strikes out swinging
|
|
Batting: RHB Mike Kaczor
|
0-0: Ball Wild Pitch! Guy Jerome to third Jesus Gomez to second 1-0: Ground out 5-3 (Groundball, 56S, EV 73.8 MPH) Guy Jerome scores Jesus Gomez to third
|
|
Batting: SHB Jason Todd
|
0-0: Ball 1-0: Called Strike 1-1: Foul Ball, location: 2F 1-2: Foul Ball, location: 2F 1-2: Ball 2-2: Foul Ball, location: 2F 2-2: Ball 3-2: Foul Ball, location: 2F 3-2: Base on Balls
|
|
Batting: RHB Kekoa Kahele
|
0-0: Ball 1-0: Ball 2-0: Ball 3-0: Base on Balls Jason Todd to second
|
|
Batting: RHB Bobby Altamirano
|
0-0: Ball 1-0: Ball 2-0: Ball 3-0: Base on Balls Jesus Gomez scores Jason Todd to third Kekoa Kahele to second
|
|
Batting: RHB Felipe Rivera
|
0-0: Called Strike 0-1: Ball 1-1: Foul Ball, location: 2F 1-2: Foul Ball, location: 2F 1-2: Ball 2-2: Ball Wild Pitch! Jason Todd scores Kekoa Kahele to third Bobby Altamirano to second 3-2: Base on Balls
|
|
Batting: RHB Carlos Gonzalez
|
0-0: Called Strike 0-1: Ball 1-1: Ball 2-1: Ball 3-1: Fly out, F7 (Flyball, 78D, EV 103.1 MPH)
|
| Bottom of the 5th over - 3 runs, 0 hits, 0 errors, 3 left on base; Bristol 0 - Ogden 7 |
| TOP OF THE 6TH |
|
Bristol Pirates batting - Pitching for Ogden Raptors : RHP Drew Manderfield
|
|
Batting: LHB Dustin Herman
|
0-0: Ball 1-0: Called Strike 1-1: Foul Ball, location: 2F 1-2: Ball 2-2: Ball 3-2: Base on Balls
|
|
Batting: RHB Steve Terres
|
0-0: Foul Ball, location: 2F 0-1: Foul Ball, location: 2F 0-2: Foul Ball, location: 2F 0-2: Ball 1-2: Fly out, F7 (Line Drive, 78M, EV 98.8 MPH)
|
|
Pitching: LHP Conor Bailey
|
|
|
Batting: SHB Ronnie Brooks
|
0-0: Ball 1-0: Ball 2-0: Ball 3-0: Called Strike 3-1: Grounds into double play, 1-6-3 (Groundball, 13, EV 65.6 MPH)
|
| Top of the 6th over - 0 runs, 0 hits, 0 errors, 0 left on base; Bristol 0 - Ogden 7 |
| BOTTOM OF THE 6TH |
|
Ogden Raptors batting - Pitching for Bristol Pirates : LHP Juan Hernandez
|
|
Batting: SHB Guy Jerome
|
0-0: Ball 1-0: Swinging Strike 1-1: Called Strike 1-2: Strikes out swinging
|
|
Batting: SHB Jesus Gomez
|
0-0: Ball 1-0: Foul Ball, location: 2F 1-1: SINGLE (Groundball, 5D, EV 100.0 MPH)
|
|
Batting: SHB Javy Franco
|
0-0: Fly out, F8 (Flyball, 8RD, EV 78.1 MPH)
|
|
Batting: RHB Mike Kaczor
|
Pickoff Throw to First - Out! 1-3
|
| Bottom of the 6th over - 0 runs, 1 hit, 0 errors, 0 left on base; Bristol 0 - Ogden 7 |
| TOP OF THE 7TH |
|
Bristol Pirates batting - Pitching for Ogden Raptors : LHP Conor Bailey
|
|
Pinch Hitting: RHB Randy Bergman
|
0-0: Foul Ball, location: 2F 0-1: Ball 1-1: Fly out, F8 (Flyball, 8RD, EV 92.5 MPH)
|
|
Batting: RHB Chris Arroyo
|
0-0: Swinging Strike 0-1: Swinging Strike 0-2: Strikes out swinging
|
|
Batting: RHB Ryan LeSueur
|
0-0: Called Strike 0-1: Ball 1-1: Fly out, F3 (Flyball, 3D, EV 92.5 MPH)
|
| Top of the 7th over - 0 runs, 0 hits, 0 errors, 0 left on base; Bristol 0 - Ogden 7 |
| BOTTOM OF THE 7TH |
|
Ogden Raptors batting - Pitching for Bristol Pirates : LHP Juan Hernandez
|
|
Now in LF: Randy Bergman
|
|
|
Batting: RHB Mike Kaczor
|
0-0: Ball 1-0: Ball 2-0: Called Strike 2-1: DOUBLE (Flyball, 89XD, EV 107.5 MPH)
|
|
Pitching: RHP Nick Lockwood
|
|
|
Batting: SHB Jason Todd
|
0-0: Called Strike 0-1: Ball 1-1: Foul Ball, location: 2F 1-2: Foul Ball, location: 2F 1-2: Ball 2-2: Foul Ball, location: 2F 2-2: Strikes out looking
|
|
Batting: RHB Kekoa Kahele
|
0-0: Ball 1-0: Foul Ball, location: 2F 1-1: Ball 2-1: Ball Wild Pitch! Mike Kaczor to third 3-1: Called Strike 3-2: Strikes out swinging
|
|
Batting: RHB Bobby Altamirano
|
0-0: Swinging Strike 0-1: Foul Ball, location: 2F 0-2: Ball 1-2: Foul Ball, location: 2F 1-2: Strikes out swinging
|
| Bottom of the 7th over - 0 runs, 1 hit, 0 errors, 1 left on base; Bristol 0 - Ogden 7 |
| TOP OF THE 8TH |
|
Bristol Pirates batting - Pitching for Ogden Raptors : LHP Conor Bailey
|
|
Batting: RHB Hidesuke Yoshida
|
0-0: Ball 1-0: Foul Ball, location: 2F 1-1: Swinging Strike 1-2: Ball 2-2: Strikes out swinging
|
|
Batting: RHB Alex Arzate
|
0-0: Called Strike 0-1: Ground out 6-3 (Groundball, 6, EV 103.8 MPH)
|
|
Batting: RHB Ricky Alvarado
|
0-0: Swinging Strike 0-1: Ball 1-1: Swinging Strike 1-2: Strikes out swinging
|
| Top of the 8th over - 0 runs, 0 hits, 0 errors, 0 left on base; Bristol 0 - Ogden 7 |
| BOTTOM OF THE 8TH |
|
Ogden Raptors batting - Pitching for Bristol Pirates : RHP Nick Lockwood
|
|
Batting: RHB Felipe Rivera
|
0-0: Called Strike 0-1: Ball 1-1: Ball 2-1: Ball 3-1: Foul Ball, location: 2F 3-2: Fly out, F8 (Flyball, 78D, EV 104.4 MPH)
|
|
Batting: RHB Carlos Gonzalez
|
0-0: Foul Ball, location: 2F 0-1: Called Strike 0-2: Ball 1-2: Ball 2-2: Ball 3-2: SINGLE (Groundball, 6M, EV 110.0 MPH) (infield hit)
|
|
Batting: SHB Guy Jerome
|
0-0: Ball 1-0: Grounds into double play, 4-6-3 (Groundball, 4, EV 91.2 MPH)
|
| Bottom of the 8th over - 0 runs, 1 hit, 0 errors, 0 left on base; Bristol 0 - Ogden 7 |
| TOP OF THE 9TH |
|
Bristol Pirates batting - Pitching for Ogden Raptors : LHP Conor Bailey
|
|
Batting: LHB Dustin Herman
|
0-0: Ball 1-0: Ball 2-0: Ball 3-0: Called Strike 3-1: Base on Balls
|
|
Batting: RHB Steve Terres
|
0-0: Ball 1-0: Called Strike 1-1: Swinging Strike 1-2: Ball 2-2: Foul Ball, location: 2F 2-2: Strikes out swinging
|
|
Batting: SHB Ronnie Brooks
|
0-0: Ball 1-0: Called Strike 1-1: Ball 2-1: Swinging Strike 2-2: Foul Ball, location: 2F 2-2: Strikes out swinging
|
|
Batting: RHB Randy Bergman
|
0-0: Swinging Strike 0-1: Ball 1-1: Ball 2-1: Foul Ball, location: 2F 2-2: Ball 3-2: Foul Ball, location: 2F 3-2: Foul Ball, location: 2F 3-2: Fly out, F9 (Flyball, 89S, EV 93.1 MPH)
|
| Top of the 9th over - 0 runs, 0 hits, 0 errors, 1 left on base; Bristol 0 - Ogden 7 |
|